aen, chaotic female human Rogue -----.------ |..........| |......_a..| |......@...| |..........| |.<........| ------------ aen the Cutpurse Experience level: 4 Strength: 17 Dexterity: 18 Constitution: 11 Intelligence: 10 Wisdom: 9 Charisma: 10 Health: 0(26) Energy: 14(14) Def: 6 Gold: 262 Moves: 1672 Dungeon seed: fh2Q4aC-rRn5_S6b Game ID: aen_1529981193 Your Inventory: Coins $ - 262 gold pieces Weapons a - a +1 short sword (weapon in hand) b - 11 +0 daggers (in quiver) n - a blessed +1 orcish dagger o - a +0 orcish dagger v - a +1 orcish dagger y - a +0 boomerang Armor e - a cursed -1 splint mail (being worn) q - an uncursed +0 orcish helm (being worn) Y - an uncursed +0 dunce cap Comestibles k - an uncursed food ration Potions c - 2 uncursed potions of sickness j - 2 potions of holy water u - an uncursed potion of hallucination A - an uncursed potion of water Rings x - an uncursed ring of free action Wands h - a wand of secret door detection (0:11) r - a wand of teleportation (0:5) Tools d - an uncursed lock pick f - an uncursed sack Gems N - an uncursed citrine stone Spells and supernatural/magical abilities: Name Level Category Fail Memory W - pray for help -- divine ? -- Your skills at the end: Fighting Skills Weapon Skills dagger [Basic] short sword [Basic] Spellcasting Skills Final Attributes: You were piously aligned. You were stealthy. You are dead. Vanquished creatures: a gnome mummy an orc shaman a floating eye a kobold shaman an iguana a hobgoblin 2 cave spiders a gnome a gecko 3 jackals a fox 3 goblins 2 sewer rats 5 grid bugs 2 lichens 3 newts 29 creatures vanquished. Voluntary challenges: You were an atheist. You used a wielded weapon 23 times, starting on turn 24. You read items or engraved 8 times, starting on turn 8. You never genocided any monsters. You never polymorphed an object. You never changed form. You used no wishes. You never split a pudding. You wrote Elbereth's name 3 times, starting on turn 33. You never violated your personal moral code. Dungeon overview: The Dungeons of Doom: levels 1 to 8 Level 1 a long staircase Level 2 an armor shop Level 3 a jewelry store stairs to The Gnomish Mines Level 4 Level 5 Level 6 a bookstore Level 7 many fountains Level 8 <- You were here an altar to Mog The Gnomish Mines: Level 4 stairs to The Dungeons of Doom History has recorded: On T:1 you entered the Dungeons of Doom to retrieve the Amulet of Yendor! On T:68 you reached level 2 of The Dungeons of Doom. On T:716 you advanced to experience level 2. On T:857 you reached level 3 of The Dungeons of Doom. On T:889 you reached level 1 of The Gnomish Mines. On T:1071 you reached level 4 of The Dungeons of Doom. On T:1096 you advanced to experience level 3. On T:1107 you reached level 5 of The Dungeons of Doom. On T:1139 you reached level 6 of The Dungeons of Doom. On T:1316 you reached level 7 of The Dungeons of Doom. On T:1446 you advanced to experience level 4. On T:1658 you reached level 8 of The Dungeons of Doom. Score breakdown: Gold: 262 ( 8231 points) Experience: 4 levels ( 9649 points) Exploration: 8 levels ( 17.39%) (11832 points) Discoveries: 6 items ( 2.01%) ( 4256 points) Valuables value: (no points given unless you survive) Artifact value: 0 ( 0 points) Variety of kills: 16 monsters ( 4.20%) ( 6147 points) Turncount: 1672 turns ( 0 points) Survival: died (score multiplied by 80%) Total score: 32092 Latest messages: This lichen corpse tastes terrible! You hear water falling on coins. You finish eating the lichen corpse. The door closes. You succeed in locking the door. You see here a conical hat. You have a little trouble lifting Y - a conical hat. You see here a leather armor. You try to move the boulder, but in vain. (2x) You have a little trouble lifting A - a clear potion. You fall down the stairs. As you read the scroll, it disappears. You hit the giant beetle! The giant beetle bites! You hit the giant beetle! The giant beetle bites! The dagger misses the giant beetle. The dagger hits the giant beetle. The giant beetle bites! You die... Final status: Goodbye aen the Rogue, killed by a giant beetle... You died in The Dungeons of Doom on dungeon level 8 with 32092 points, and 262 pieces of gold, after 1672 moves. You were level 4 with a maximum of 26 hit points when you died.